Map: Glittering Ashes LE

Players

GAMEL

  • Race: Terran Terran
  • League: Diamond

llllIIIlllII - Winner!

  • Race: Protoss Protoss
  • League: Diamond

VOD

Have the link to the VOD?

Description

Time

  • Played on: Oct. 19, 2021, 4:05 p.m.
  • Length: 10:42
Show
View Real Time Build Order
Export as new Build Order

GAMEL Terran 

Build Orders:  

Get SALT Encoding   

  12  0:00  SCV  
  13  0:12  SCV  
  14  0:18  Supply Depot  
  14  0:24  SCV  
  15  0:35  Refinery  
  15  0:40  SCV  
  16  0:44  Barracks  
  16  0:52  SCV  
  17  1:01  Refinery  
  17  1:04  SCV  
  18  1:16  SCV  
  19  1:31  Marine  
  20  1:34  Supply Depot  
  20  1:40  Bunker  
  19  1:47  Factory  
  19  1:49  Marine  
  19  1:53  Supply Depot  
  19  2:16  Orbital Command  
  19  2:23  Marine  
  20  2:37  Factory Tech Lab  
  20  2:38  Supply Depot  
  20  2:41  Marine  
  21  2:46  SCV  
  22  2:58  SCV  
  22  3:00  Siege Tank  
  22  3:01  Marine  
  27  3:12  SCV  
  28  3:21  Starport  
  28  3:30  Marine  
  28  3:40  Cyclone  
  31  3:56  Marine  
  31  4:12  Barracks  
  31  4:14  Marine, Viking  
  31  4:16  Barracks  
  30  4:26  Supply Depot  
  30  4:28  Cyclone  
  30  4:29  SCV  
  34  4:32  Marine  
  35  4:45  SCV  
  35  4:47  Viking  
  37  4:59  Marine x2  
  35  5:15  Marine  
  35  5:17  Marine x2  
  35  5:18  Cyclone  
  35  5:19  SCV  
  42  5:33  Marine  
  42  5:35  Marine  
  45  5:40  SCV  
  46  5:43  Barracks Tech Lab  
  44  5:50  Cyclone  
  47  6:06  Supply Depot  
  47  6:18  Marine  
  47  6:25  Marine  
  47  6:27  Viking, Siege Tank  
  47  6:28  Marine  
  53  6:36  Marine  
  54  6:43  Barracks, Marine  
  54  6:44  Supply Depot  
  55  6:47  Stimpack  
  55  7:05  Marine x3  
  58  7:16  Viking  
  56  7:25  Marine x2  
  56  7:26  Marine  
  45  7:43  Marine x3  
  45  7:44  Marine  
  45  7:46  Viking  
  47  8:01  Marine x2  
  47  8:05  Marine x2  
  51  8:15  Viking  
  51  8:19  Marine  
  52  8:20  Marine  
  52  8:23  Marine  
  50  8:29  Marine  
  48  8:42  Marine x3  
  48  8:45  Viking  
  48  8:47  Marine  
  54  8:59  Marine  
  55  9:04  Marine x2  
  55  9:05  Marine  
  47  9:15  Viking  
  47  9:17  Marine  
Show
View Real Time Build Order
Export as new Build Order

llllIIIlllII Protoss - Winner!

Build Orders:  

Get SALT Encoding   

  12  0:00  Probe  
  13  0:12  Probe  
  14  0:17  Pylon  
  14  0:24  Probe  
  15  0:40  Forge  
  15  0:56  Pylon  
  15  1:23  Photon Cannon  
  15  1:24  Photon Cannon  
  15  1:26  Gateway  
  15  1:28  Pylon  
  15  1:31  Probe  
  16  1:40  Assimilator  
  16  1:42  Assimilator  
  16  2:04  Pylon  
  16  2:06  Probe (Chrono Boost)  
  17  2:15  Cybernetics Core  
  18  2:16  Probe (Chrono Boost)  
  18  2:20  Probe (Chrono Boost)  
  19  2:25  Zealot  
  21  2:32  Probe (Chrono Boost)  
  23  2:49  Probe  
  23  2:54  Stargate  
  23  3:04  Sentry  
  25  3:09  Shield Battery  
  25  3:10  Probe (Chrono Boost)  
  26  3:19  Probe (Chrono Boost)  
  27  3:24  Photon Cannon  
  27  3:28  Void Ray (Chrono Boost)  
  31  3:54  Photon Cannon  
  29  4:21  Photon Cannon  
  29  4:23  Fleet Beacon  
  29  4:28  Shield Battery  
  29  4:50  Pylon  
  29  5:05  Tempest (Chrono Boost)  
  29  5:11  Photon Cannon  
  34  5:16  Photon Cannon  
  34  5:21  Pylon  
  34  5:36  Photon Cannon  
  34  5:51  Photon Cannon  
  34  5:54  Tempest (Chrono Boost)  
  39  6:04  Shield Battery  
  32  6:27  Tempest (Chrono Boost)  
  37  6:43  Pylon  
  37  6:48  Shield Battery  
  37  6:58  Robotics Facility  
  37  7:06  Probe  
  38  7:10  Tempest  
  43  7:48  Observer (Chrono Boost)  
  44  7:52  Pylon  
  44  7:54  Nexus  
  44  7:57  Pylon  
  44  8:00  Oracle  
  47  8:27  Observer  
  47  9:16  Pylon  
  47  9:17  Pylon  
  47  9:19  Pylon  
Tags
 
Add a new tag
Caveats
  • Supply blocks, unpowered buildings, or Contaminate may cause inaccurate times.
  • Supply counts are checked every 10 seconds.